Kings vs Maple Leafs (R1)

Created - January 9, 2021 at 20:50

Goals
1 2 3 OT1 SO T
Kings 0 3 0 0 1 3
Maple Leafs 0 1 2 0 2 4
Shots
1 2 3 OT1 SO T
Kings 14 13 7 1 3 35
Maple Leafs 4 11 11 1 3 27

1st period

No Goal

Penalties :
Braydon Coburn (Tor) for Hooking (Minor) at 4:17, John Klingberg (Tor) for Roughing (Minor) at 17:10

2nd period

1. Kings , Anze Kopitar 20 (Bobby Ryan 7) at 0:17
2. Kings , Gabriel Landeskog 10 (Colton Parayko 8) at 2:08 (PP)
3. Maple Leafs , Kevin Shattenkirk 9 (John Klingberg 17, John Gibson) at 6:48 (PP)
4. Kings , Jeff Skinner 8 (Nathan MacKinnon 16, David Pastrnak 15) at 12:32

Penalties :
Patrick Kane (Tor) for Tripping (Minor) at 0:46, Jordan Staal (Tor) for Roughing (Minor) at 4:19, Ryan Strome (LAK) for Hooking (Minor) at 6:33

3rd period

5. Maple Leafs , Andre Burakovsky 7 (Jordan Staal 9, Ryan Parent 3) at 7:55
6. Maple Leafs , Kyle Clifford 10 (Mika Zibanejad 8, Braydon Coburn 9) at 9:30

Penalties :
Braydon Coburn (Tor) for Hooking (Minor) at 0:19, Dany Heatley (Tor) for Tripping (Minor) at 2:53, Jordan Staal (Tor) for Hooking (Minor) at 12:30, Eric Nystrom (LAK) for Charging (Minor) at 15:54

Overtime #1

No Goal

Penalties :
No Penalty

Shootout

Kings, Anze Kopitar - Stopped by John Gibson
Maple Leafs, Patrick Kane - Stopped by Tyler Weiman
Kings, Gabriel Landeskog - Goal!
Maple Leafs, Andre Burakovsky - Goal!
Kings, Gilbert Brule - Stopped by John Gibson
Maple Leafs, Brayden Schenn - Goal!

Penalties :
No Penalty

Goalie Stats

Tyler Weiman (LAK), 24 saves from 27 shots - (0.889), OTL, 2-0-1, 65:00 minutes
John Gibson (Tor), 32 saves from 35 shots - (0.914), W, 9-7-2, 65:00 minutes

Players Stats for Kings

Player Name              G  A  P  +/- PIM S  H  SB GA TA FO     MP     PP MP  PK MP  
------------------------------------------------------------------------------------
Anze Kopitar             1  0  1   0  0   7  1  1  0  1  19/35  27:33   7:17   1:19 
Bobby Ryan               0  1  1   0  0   6  3  0  1  0  1/2    25:47   7:17   0:28 
Brandon Yip              0  0  0  -1  0   1  1  0  0  0  1/1    16:12   4:57   0:00 
Colton Parayko           0  1  1  -1  0   1  2  2  1  1  0/0    31:51   8:21   0:36 
David Pastrnak           0  1  1   1  0   1  0  1  0  0  0/0     6:48   0:19   0:00 
Eric Nystrom             0  0  0  -1  2   2  1  0  0  0  0/0    17:01   4:57   0:00 
Gabriel Landeskog        1  0  1   0  0   2  1  1  0  0  0/2    27:33   7:17   1:19 
Gilbert Brule            0  0  0  -1  0   4  3  2  1  0  6/14   18:59   4:57   0:28 
Jake McCabe              0  0  0   0  0   0  1  0  0  0  0/0    11:55   0:49   0:00 
Jeff Schultz             0  0  0  -1  0   0  1  2  0  0  0/0    31:51   8:21   0:36 
Jeff Skinner             1  0  1   1  0   1  0  1  0  0  0/1     7:43   0:19   0:27 
Joni Pitkanen            0  0  0   1  0   0  4  1  0  0  0/0    21:14   4:06   1:38 
Mike Comrie              0  0  0   0  0   2  0  0  0  0  5/9    11:13   0:43   0:00 
Nathan MacKinnon         0  1  1   1  0   0  0  0  0  0  2/4     6:48   0:19   0:00 
Ryan Strome              0  0  0   0  2   0  2  1  0  0  0/0    10:16   0:43   0:00 
Sam Gagner               0  0  0   0  0   6  1  0  0  0  0/0    11:51   0:43   0:27 
Torey Krug               0  0  0   1  0   0  0  0  1  1  0/0    21:14   4:06   1:38 
Victor Hedman            0  0  0   0  0   2  0  1  1  0  0/0    11:55   0:49   0:00 

Players Stats for Maple Leafs

Player Name              G  A  P  +/- PIM S  H  SB GA TA FO     MP     PP MP  PK MP  
------------------------------------------------------------------------------------
Andre Burakovsky         1  0  1   0  0   1  0  1  0  0  0/0    13:03   0:02   0:21 
Beau Bennett             0  0  0   0  0   0  0  0  0  0  0/0    10:31   0:00   0:00 
Ben Smith                0  0  0   1  0   1  2  2  1  2  2/3    16:34   0:54   3:19 
Blake Comeau             0  0  0   0  0   0  1  0  0  0  0/0     7:35   0:02   0:00 
Brayden Schenn           0  0  0  -1  0   2  1  0  0  0  13/26  23:57   1:18   7:19 
Braydon Coburn           0  1  1   0  4   1  0  5  1  1  0/0    23:42   1:02   5:39 
Calvin de Haan           0  0  0   0  0   0  1  1  0  0  0/0    11:16   0:00   1:16 
Chris Kelly              0  0  0   0  0   0  0  0  0  0  0/2     6:32   0:00   0:00 
Dany Heatley             0  0  0   0  2   1  1  0  0  0  0/0     9:47   0:10   0:31 
Hampus Lindholm          0  0  0  -1  0   4  1  0  1  0  0/0    27:52   1:02   6:05 
Jake Guentzel            0  0  0  -1  0   0  0  1  0  0  1/2    14:45   0:54   0:00 
John Klingberg           0  1  1   1  2   1  0  1  0  0  0/0    19:24   1:12   0:00 
Jordan Staal             0  1  1   0  4   2  0  0  0  0  7/15   16:30   0:00   3:13 
Kevin Shattenkirk        1  0  1   0  0   4  1  2  0  1  0/0    29:31   1:12   5:34 
Kyle Clifford            1  0  1   1  0   3  1  1  0  0  0/1    21:55   1:10   7:13 
Mika Zibanejad           0  1  1   1  0   4  1  0  0  0  11/18  13:28   0:54   0:29 
Patrick Kane             0  0  0  -1  2   2  1  1  0  0  0/1    21:55   1:18   4:07 
Ryan Parent              0  1  1   0  0   1  0  2  0  1  0/0    18:20   0:00   7:58 

3 Stars

1 - Kyle Clifford (Tor)
2 - Kevin Shattenkirk (Tor)
3 - Jeff Skinner (LAK)

Power Play

Kings - 1 on 7 Attempt(s) - 14.29%
Maple Leafs - 1 on 2 Attempt(s) - 50.00%

Penalty Kill

Kings - 1 on 2 Attempt(s) - 50.00% - Score 0 goal in Penalty Kill
Maple Leafs - 6 on 7 Attempt(s) - 85.71% - Score 0 goal in Penalty Kill

Team Stat

Kings - Hits : 21 - Faceoff Wins : 34 - Blocked Shots : 13 - Penalty Minutes : 4
Maple Leafs - Hits : 11 - Faceoff Wins : 34 - Blocked Shots : 17 - Penalty Minutes : 14

Official

Referees : Unknown
Linesman : Unknown

Game Notes

No Game Note

Finance

Level 1 -- Attendance: 4850 (80.83%) -- Ticket Income $533,500
Level 2 -- Attendance: 3816 (76.32%) -- Ticket Income $267,120
Level 3 -- Attendance: 1455 (72.75%) -- Ticket Income $66,930
Level 4 -- Attendance: 3202 (80.05%) -- Ticket Income $96,060
Luxury Box -- Attendance: 1000 (100.00%) -- Ticket Income $180,000
Game was played at the Maple Leafs Garden.
Total Attendance: 14323 (79.57%)
Total Ticket Income: $1,143,610
Other Income: $171,542
Total Income: $1,315,152

Kings

5 vs 5 Forward 
   Center                   Left Wing                Right Wing               Time % Phy DF OF 
 1 Anze Kopitar             Gabriel Landeskog        Bobby Ryan               40     1   2  2  
 2 Gilbert Brule            Eric Nystrom             Brandon Yip              30     1   2  2  
 3 Mike Comrie              Sam Gagner               Ryan Strome              20     1   2  2  
 4 Nathan MacKinnon         Jeff Skinner             David Pastrnak           10     1   2  2  

5 vs 5 Defense 
   Defense                  Defense                                           Time % Phy DF OF 
 1 Jeff Schultz             Colton Parayko                                    40     1   2  2  
 2 Joni Pitkanen            Torey Krug                                        30     1   2  2  
 3 Victor Hedman            Jake McCabe                                       20     1   2  2  
 4 Jeff Schultz             Colton Parayko                                    10     1   2  2  

PowerPlay Forward 
   Center                   Left Wing                Right Wing               Time % Phy DF OF 
 1 Anze Kopitar             Gabriel Landeskog        Bobby Ryan               60     1   2  2  
 2 Gilbert Brule            Eric Nystrom             Brandon Yip              40     1   2  2  

PowerPlay Defense
   Defense                  Defense                                           Time % Phy DF OF 
 1 Jeff Schultz             Colton Parayko                                    60     1   2  2  
 2 Joni Pitkanen            Torey Krug                                        40     1   2  2  

Penalty Kill 4 Players Forward 
   Center                   Wing                     Time % Phy DF OF 
 1 Anze Kopitar             Gabriel Landeskog        60     1   2  2  
 2 Gilbert Brule            Bobby Ryan               40     1   2  2  

Penalty Kill 4 Players Defense
   Defense                  Defense                  Time % Phy DF OF 
 1 Jeff Schultz             Colton Parayko           60     1   2  2  
 2 Joni Pitkanen            Torey Krug               40     1   2  2  

Penalty Kill - 3 Players Forward 
   Forward                                           Time % Phy DF OF 
 1 Anze Kopitar                                      60     1   2  2  
 2 Gabriel Landeskog                                 40     1   2  2  

Penalty Kill - 3 Players Defense
   Defense                  Defense                  Time % Phy DF OF 
 1 Jeff Schultz             Colton Parayko           60     1   2  2  
 2 Joni Pitkanen            Torey Krug               40     1   2  2  

4 vs 4 Forward 
   Center                   Wing                     Time % Phy DF OF 
 1 Anze Kopitar             Gabriel Landeskog        60     1   2  2  
 2 Gilbert Brule            Bobby Ryan               40     1   2  2  

4 vs 4 Defense
   Defense                  Defense                  Time % Phy DF OF 
 1 Jeff Schultz             Colton Parayko           60     1   2  2  
 2 Joni Pitkanen            Torey Krug               40     1   2  2  

Last Minutes Offensive
   Center                   Left Wing                Right Wing               Defense                  Defense                  
   Anze Kopitar             Gabriel Landeskog        Bobby Ryan               Jeff Schultz             Colton Parayko           

Last Minutes Defensive
   Center                   Left Wing                Right Wing               Defense                  Defense                  
   Anze Kopitar             Gabriel Landeskog        Bobby Ryan               Jeff Schultz             Colton Parayko           

Goaltenders
Starting : Tyler Weiman             
Backup : Cal Petersen             

Extra Forwards
Normal : Sam Gagner, Mike Comrie, Jeff Skinner - PP : Sam Gagner, Mike Comrie - PK : Jeff Skinner
Extra Defensemen
Normal : Victor Hedman, Jake McCabe, Joni Pitkanen - PP : Victor Hedman - PK : Jake McCabe, Joni Pitkanen
Penalty Shots
Anze Kopitar, Gabriel Landeskog, Gilbert Brule, Bobby Ryan, Eric Nystrom

Scratches
Dmitri Orlov (Healthy), Vitaly Vishnevsky (Healthy), Cal Clutterbuck (Healthy), Jared Spurgeon (Head Injury), Marc-André Fleury (Healthy)

Maple Leafs

5 vs 5 Forward 
   Center                   Left Wing                Right Wing               Time % Phy DF OF 
 1 Brayden Schenn           Jake Guentzel            Patrick Kane             35     1   2  2  
 2 Mika Zibanejad           Kyle Clifford            Ben Smith                30     1   2  2  
 3 Jordan Staal             Andre Burakovsky         Beau Bennett             25     1   2  2  
 4 Chris Kelly              Dany Heatley             Blake Comeau             10     1   2  2  

5 vs 5 Defense 
   Defense                  Defense                                           Time % Phy DF OF 
 1 Kevin Shattenkirk        Hampus Lindholm                                   40     1   2  2  
 2 Braydon Coburn           John Klingberg                                    30     1   2  2  
 3 Ryan Parent              Calvin de Haan                                    20     1   2  2  
 4 Kevin Shattenkirk        John Klingberg                                    10     1   2  2  

PowerPlay Forward 
   Center                   Left Wing                Right Wing               Time % Phy DF OF 
 1 Brayden Schenn           Kyle Clifford            Patrick Kane             60     1   2  2  
 2 Mika Zibanejad           Jake Guentzel            Ben Smith                40     1   2  2  

PowerPlay Defense
   Defense                  Defense                                           Time % Phy DF OF 
 1 Kevin Shattenkirk        John Klingberg                                    60     1   2  2  
 2 Hampus Lindholm          Braydon Coburn                                    40     1   2  2  

Penalty Kill 4 Players Forward 
   Center                   Wing                     Time % Phy DF OF 
 1 Brayden Schenn           Kyle Clifford            60     1   2  2  
 2 Jordan Staal             Patrick Kane             40     1   2  2  

Penalty Kill 4 Players Defense
   Defense                  Defense                  Time % Phy DF OF 
 1 Braydon Coburn           Ryan Parent              60     1   2  2  
 2 Kevin Shattenkirk        Hampus Lindholm          40     1   2  2  

Penalty Kill - 3 Players Forward 
   Forward                                           Time % Phy DF OF 
 1 Brayden Schenn                                    60     1   2  2  
 2 Jordan Staal                                      40     1   2  2  

Penalty Kill - 3 Players Defense
   Defense                  Defense                  Time % Phy DF OF 
 1 Braydon Coburn           Ryan Parent              60     1   2  2  
 2 Kevin Shattenkirk        Hampus Lindholm          40     1   2  2  

4 vs 4 Forward 
   Center                   Wing                     Time % Phy DF OF 
 1 Jordan Staal             Patrick Kane             60     1   2  2  
 2 Brayden Schenn           Kyle Clifford            40     1   2  2  

4 vs 4 Defense
   Defense                  Defense                  Time % Phy DF OF 
 1 Kevin Shattenkirk        Braydon Coburn           60     1   2  2  
 2 John Klingberg           Hampus Lindholm          40     1   2  2  

Last Minutes Offensive
   Center                   Left Wing                Right Wing               Defense                  Defense                  
   Brayden Schenn           Kyle Clifford            Patrick Kane             Kevin Shattenkirk        John Klingberg           

Last Minutes Defensive
   Center                   Left Wing                Right Wing               Defense                  Defense                  
   Jordan Staal             Kyle Clifford            Patrick Kane             Kevin Shattenkirk        Braydon Coburn           

Goaltenders
Starting : John Gibson              
Backup : Brian Elliott            

Extra Forwards
Normal : Dany Heatley, Andre Burakovsky, Patrick Kane - PP : Dany Heatley, Patrick Kane - PK : Ben Smith
Extra Defensemen
Normal : Hampus Lindholm, Ryan Parent, Kevin Shattenkirk - PP : Hampus Lindholm - PK : Hampus Lindholm, Calvin de Haan
Penalty Shots
Patrick Kane, Andre Burakovsky, Brayden Schenn, Jordan Staal, Kyle Clifford

Scratches
None


% Time on Ice - Kings

Lines # - Real PCT - Wanted PCT - Time Play
Normal Forward
1 - 37% - 40% - 16:26
2 - 27% - 30% - 12:05
3 - 21% - 20% - 9:30
4 - 15% - 10% - 6:29
Normal Defense
1 - 43% - 40% - 19:08
2 - 31% - 30% - 13:41
3 - 24% - 20% - 10:34
4 - 3% - 10% - 1:07
PP Forward
1 - 63% - 60% - 8:19
2 - 37% - 40% - 4:57
PP Defense
1 - 68% - 60% - 9:05
2 - 32% - 40% - 4:11
PK Forward
1 - 79% - 60% - 1:46
2 - 21% - 40% - 0:28
PK Defense
1 - 27% - 60% - 0:36
2 - 73% - 40% - 1:38
PK3 Forward
1 - 0% - 60%
2 - 0% - 40%
PK3 Defense
1 - 0% - 60%
2 - 0% - 40%
44 Forward
1 - 70% - 60% - 3:31
2 - 30% - 40% - 1:29
44 Defense
1 - 53% - 60% - 2:39
2 - 47% - 40% - 2:21
Last Minute Offensive  - 0:00
Last Minute Defensive  - 0:00
Total
Forward - 65:00
Defense - 65:00

% Time on Ice - Maple Leafs

Lines # - Real PCT - Wanted PCT - Time Play
Normal Forward
1 - 35% - 35% - 15:34
2 - 27% - 30% - 11:53
3 - 24% - 25% - 10:31
4 - 15% - 10% - 6:32
Normal Defense
1 - 42% - 40% - 18:39
2 - 30% - 30% - 13:14
3 - 20% - 20% - 8:57
4 - 8% - 10% - 3:40
PP Forward
1 - 60% - 60% - 1:20
2 - 40% - 40% - 0:54
PP Defense
1 - 54% - 60% - 1:12
2 - 46% - 40% - 1:02
PK Forward
1 - 64% - 60% - 8:32
2 - 36% - 40% - 4:44
PK Defense
1 - 64% - 60% - 8:29
2 - 36% - 40% - 4:47
PK3 Forward
1 - 0% - 60%
2 - 0% - 40%
PK3 Defense
1 - 0% - 60%
2 - 0% - 40%
44 Forward
1 - 69% - 60% - 3:28
2 - 31% - 40% - 1:32
44 Defense
1 - 52% - 60% - 2:36
2 - 48% - 40% - 2:24
Last Minute Offensive  - 0:00
Last Minute Defensive  - 0:00
Total
Forward - 65:00
Defense - 65:00

Play-by-Play

1st period


0:01 of 1st period - Anze Kopitar wins face-off versus Brayden Schenn in neutral zone.
0:32 of 1st period - Wrist shot by Mika Zibanejad.
0:32 of 1st period - Shot Blocked by Gilbert Brule.
0:34 of 1st period - Snap shot by Mika Zibanejad.
0:34 of 1st period - Stopped by Tyler Weiman without a rebound.
0:35 of 1st period - Mika Zibanejad wins face-off versus Mike Comrie in Kings zone.
1:56 of 1st period - Snap shot by Gilbert Brule.
1:56 of 1st period - Stopped by John Gibson with a rebound.
2:40 of 1st period - Snap shot by Gilbert Brule.
2:40 of 1st period - Stopped by John Gibson with a rebound.
2:44 of 1st period - Snap shot by Brandon Yip.
2:44 of 1st period - Shot Misses the Net.
2:46 of 1st period - Snap shot by Joni Pitkanen.
2:46 of 1st period - Shot Blocked by Calvin de Haan.
3:08 of 1st period - Snap shot by Gilbert Brule.
3:08 of 1st period - Shot Misses the Net.
3:10 of 1st period - Wrist shot by Brandon Yip.
3:10 of 1st period - Stopped by John Gibson with a rebound.
3:32 of 1st period - Slapshot by Brandon Yip.
3:32 of 1st period - Shot Misses the Net.
3:34 of 1st period - Wrist shot by Eric Nystrom.
3:34 of 1st period - Stopped by John Gibson without a rebound.
3:35 of 1st period - Anze Kopitar wins face-off versus Jordan Staal in Maple Leafs zone.
3:38 of 1st period - Snap shot by Anze Kopitar.
3:38 of 1st period - Shot Misses the Net.
4:15 of 1st period - Snap shot by Sam Gagner.
4:15 of 1st period - Stopped by John Gibson with a rebound.
4:17 of 1st period - Minor Penalty to Braydon Coburn for Hooking.
4:18 of 1st period - Brayden Schenn wins face-off versus Anze Kopitar in Maple Leafs zone.
5:35 of 1st period - Kevin Shattenkirk is hit by Ryan Strome and loses puck.
6:10 of 1st period - Hampus Lindholm is hit by Colton Parayko and loses puck.
6:17 of 1st period - Penalty to Braydon Coburn is over, Braydon Coburn is back on ice.
6:27 of 1st period - Anze Kopitar is hit by Calvin de Haan and loses puck.
7:05 of 1st period - John Klingberg is hit by Brandon Yip and loses puck.
7:53 of 1st period - Jeff Schultz is hit by Ben Smith and loses puck.
8:00 of 1st period - Bobby Ryan is hit by Mika Zibanejad and loses puck.
8:29 of 1st period - Jake McCabe is hit by Kevin Shattenkirk and loses puck.
8:34 of 1st period - Snap shot by Patrick Kane.
8:34 of 1st period - Shot Blocked by David Pastrnak.
9:07 of 1st period - Kevin Shattenkirk is hit by Joni Pitkanen.
9:23 of 1st period - Hampus Lindholm is hit by Anze Kopitar and loses puck.
9:27 of 1st period - Icing by Kyle Clifford.
9:28 of 1st period - Mika Zibanejad wins face-off versus Gabriel Landeskog in Maple Leafs zone.
9:52 of 1st period - Slapshot by Mika Zibanejad.
9:52 of 1st period - Stopped by Tyler Weiman with a rebound.
10:12 of 1st period - Slapshot by Bobby Ryan.
10:12 of 1st period - Deflect By Anze Kopitar.
10:12 of 1st period - Stopped by John Gibson without a rebound.
10:13 of 1st period - Mike Comrie wins face-off versus Brayden Schenn in Maple Leafs zone.
10:14 of 1st period - Slapshot by Sam Gagner.
10:14 of 1st period - Stopped by John Gibson without a rebound.
10:15 of 1st period - Brayden Schenn wins face-off versus Mike Comrie in Maple Leafs zone.
10:15 of 1st period - Brayden Schenn is hit by Ryan Strome.
11:10 of 1st period - Icing by Joni Pitkanen.
11:11 of 1st period - Anze Kopitar wins face-off versus Jake Guentzel in Kings zone.
11:47 of 1st period - Wrist shot by Patrick Kane.
11:47 of 1st period - Deflect By Anze Kopitar.
11:47 of 1st period - Shot Misses the Net.
11:47 of 1st period - Puck is out of play.
11:48 of 1st period - Mika Zibanejad wins face-off versus Mike Comrie in Kings zone.
12:01 of 1st period - Slapshot by Colton Parayko.
12:01 of 1st period - Shot Misses the Net.
12:40 of 1st period - Slapshot by John Klingberg.
12:40 of 1st period - Stopped by Tyler Weiman without a rebound.
12:41 of 1st period - Brayden Schenn wins face-off versus Jeff Skinner in Kings zone.
13:45 of 1st period - Icing by Jeff Schultz.
13:46 of 1st period - Gilbert Brule wins face-off versus Chris Kelly in Kings zone.
14:15 of 1st period - Snap shot by Gabriel Landeskog.
14:15 of 1st period - Deflect By Anze Kopitar.
14:15 of 1st period - Shot Misses the Net.
14:15 of 1st period - Puck is out of play.
14:16 of 1st period - Brayden Schenn wins face-off versus Gabriel Landeskog in Maple Leafs zone.
14:29 of 1st period - Snap shot by Patrick Kane.
14:29 of 1st period - Shot Blocked by Anze Kopitar.
14:33 of 1st period - Slapshot by Patrick Kane.
14:33 of 1st period - Shot Misses the Net.
14:35 of 1st period - Slapshot by Brayden Schenn.
14:35 of 1st period - Stopped by Tyler Weiman without a rebound.
14:36 of 1st period - Mike Comrie wins face-off versus Mika Zibanejad in Kings zone.
15:05 of 1st period - Slapshot by Victor Hedman.
15:05 of 1st period - Stopped by John Gibson without a rebound.
15:06 of 1st period - Anze Kopitar wins face-off versus Patrick Kane in Maple Leafs zone.
15:21 of 1st period - Snap shot by Patrick Kane.
15:21 of 1st period - Shot Blocked by Jeff Schultz.
15:27 of 1st period - Snap shot by Gabriel Landeskog.
15:27 of 1st period - Shot Misses the Net.
15:29 of 1st period - Snap shot by Anze Kopitar.
15:29 of 1st period - Stopped by John Gibson without a rebound.
15:30 of 1st period - Jordan Staal wins face-off versus Gilbert Brule in Maple Leafs zone.
16:47 of 1st period - Snap shot by Ryan Strome.
16:47 of 1st period - Deflect By Mike Comrie.
16:47 of 1st period - Stopped by John Gibson with a rebound.
16:49 of 1st period - Snap shot by Sam Gagner.
16:49 of 1st period - Deflect By Mike Comrie.
16:49 of 1st period - Stopped by John Gibson without a rebound.
16:50 of 1st period - Anze Kopitar wins face-off versus Mika Zibanejad in Maple Leafs zone.
17:10 of 1st period - Minor Penalty to John Klingberg for Roughing.
17:11 of 1st period - Brayden Schenn wins face-off versus Anze Kopitar in Maple Leafs zone.
17:25 of 1st period - Wrist shot by Gabriel Landeskog.
17:25 of 1st period - Stopped by John Gibson without a rebound.
17:26 of 1st period - Anze Kopitar wins face-off versus Brayden Schenn in Maple Leafs zone.
17:29 of 1st period - Wrist shot by Anze Kopitar.
17:29 of 1st period - Stopped by John Gibson with a rebound.
17:31 of 1st period - Snap shot by Jeff Schultz.
17:31 of 1st period - Shot Misses the Net.
17:35 of 1st period - Slapshot by Anze Kopitar.
17:35 of 1st period - Stopped by John Gibson with a rebound.
19:10 of 1st period - Penalty to John Klingberg is over, John Klingberg is back on ice.
19:13 of 1st period - Off-side.
19:14 of 1st period - Mike Comrie wins face-off versus Jordan Staal in neutral zone.
19:41 of 1st period - Slapshot by David Pastrnak.
19:41 of 1st period - Shot Misses the Net.
Goals for this period are 0 for Kings vs 0 for Maple Leafs.
Shots for this period are 14 for Kings vs 4 for Maple Leafs.

2nd period


0:01 of 2nd period - Brayden Schenn wins face-off versus Anze Kopitar in neutral zone.
0:12 of 2nd period - Patrick Kane is hit by Bobby Ryan and loses puck.
0:17 of 2nd period - Slapshot by Anze Kopitar.
0:17 of 2nd period - Goal by Anze Kopitar - Kings : 1 - Maple Leafs : 0.
0:18 of 2nd period - Brayden Schenn wins face-off versus Anze Kopitar in neutral zone.
0:21 of 2nd period - Snap shot by Hampus Lindholm.
0:21 of 2nd period - Shot Misses the Net.
0:23 of 2nd period - Slapshot by Kevin Shattenkirk.
0:23 of 2nd period - Stopped by Tyler Weiman with a rebound.
0:25 of 2nd period - Slapshot by Kevin Shattenkirk.
0:25 of 2nd period - Stopped by Tyler Weiman without a rebound.
0:26 of 2nd period - Brayden Schenn wins face-off versus Anze Kopitar in Kings zone.
0:46 of 2nd period - Minor Penalty to Patrick Kane for Tripping.
0:47 of 2nd period - Anze Kopitar wins face-off versus Brayden Schenn in Maple Leafs zone.
0:47 of 2nd period - Snap shot by Bobby Ryan.
0:47 of 2nd period - Stopped by John Gibson with a rebound.
1:03 of 2nd period - Backhand shot by Anze Kopitar.
1:03 of 2nd period - Stopped by John Gibson with a rebound.
1:58 of 2nd period - Icing by Joni Pitkanen.
1:59 of 2nd period - Jordan Staal wins face-off versus Anze Kopitar in Kings zone.
2:00 of 2nd period - Snap shot by Ben Smith.
2:00 of 2nd period - Deflect By Joni Pitkanen.
2:00 of 2nd period - Shot Misses the Net.
2:00 of 2nd period - Puck is out of play.
2:01 of 2nd period - Jordan Staal wins face-off versus Anze Kopitar in Kings zone.
2:08 of 2nd period - Wrist shot by Gabriel Landeskog.
2:08 of 2nd period - Goal by Gabriel Landeskog - Kings : 2 - Maple Leafs : 0.
2:09 of 2nd period - Anze Kopitar wins face-off versus Mika Zibanejad in neutral zone.
2:12 of 2nd period - Hampus Lindholm is hit by Gabriel Landeskog and loses puck.
2:21 of 2nd period - Slapshot by Hampus Lindholm.
2:21 of 2nd period - Stopped by Tyler Weiman with a rebound.
2:23 of 2nd period - Slapshot by Kevin Shattenkirk.
2:23 of 2nd period - Shot Misses the Net.
2:25 of 2nd period - Wrist shot by Mika Zibanejad.
2:25 of 2nd period - Shot Misses the Net.
2:47 of 2nd period - Snap shot by Andre Burakovsky.
2:47 of 2nd period - Deflect By Jordan Staal.
2:47 of 2nd period - Shot Blocked by Gabriel Landeskog.
2:47 of 2nd period - Puck is out of play.
2:48 of 2nd period - Brayden Schenn wins face-off versus Gilbert Brule in Kings zone.
4:06 of 2nd period - Jordan Staal is hit by Sam Gagner and loses puck.
4:19 of 2nd period - Minor Penalty to Jordan Staal for Roughing.
4:20 of 2nd period - Anze Kopitar wins face-off versus Brayden Schenn in Maple Leafs zone.
6:19 of 2nd period - Penalty to Jordan Staal is over, Jordan Staal is back on ice.
6:33 of 2nd period - Minor Penalty to Ryan Strome for Hooking.
6:34 of 2nd period - Brayden Schenn wins face-off versus Anze Kopitar in Kings zone.
6:48 of 2nd period - Slapshot by Kevin Shattenkirk.
6:48 of 2nd period - Goal by Kevin Shattenkirk - Kings : 2 - Maple Leafs : 1.
6:49 of 2nd period - Anze Kopitar wins face-off versus Brayden Schenn in neutral zone.
6:58 of 2nd period - Wrist shot by Gabriel Landeskog.
6:58 of 2nd period - Deflect By Bobby Ryan.
6:58 of 2nd period - Stopped by John Gibson with a rebound.
7:01 of 2nd period - Icing by Patrick Kane.
7:02 of 2nd period - Brayden Schenn wins face-off versus Anze Kopitar in Maple Leafs zone.
7:23 of 2nd period - Wrist shot by Patrick Kane.
7:23 of 2nd period - Shot Blocked by Colton Parayko.
7:33 of 2nd period - Wrist shot by Patrick Kane.
7:33 of 2nd period - Stopped by Tyler Weiman with a rebound.
8:25 of 2nd period - Slapshot by Patrick Kane.
8:25 of 2nd period - Shot Misses the Net.
8:37 of 2nd period - Snap shot by Anze Kopitar.
8:37 of 2nd period - Shot Blocked by Patrick Kane.
8:39 of 2nd period - Snap shot by Gabriel Landeskog.
8:39 of 2nd period - Shot Misses the Net.
8:47 of 2nd period - Slapshot by Anze Kopitar.
8:47 of 2nd period - Stopped by John Gibson with a rebound.
8:59 of 2nd period - Wrist shot by Bobby Ryan.
8:59 of 2nd period - Shot Misses the Net.
9:09 of 2nd period - Anze Kopitar is hit by Hampus Lindholm and loses puck.
9:44 of 2nd period - Hampus Lindholm is hit by Bobby Ryan.
9:56 of 2nd period - Wrist shot by Patrick Kane.
9:56 of 2nd period - Shot Misses the Net.
10:02 of 2nd period - Colton Parayko is hit by Patrick Kane and loses puck.
10:31 of 2nd period - Icing by Colton Parayko.
10:32 of 2nd period - Mika Zibanejad wins face-off versus Anze Kopitar in Kings zone.
10:37 of 2nd period - Snap shot by Mika Zibanejad.
10:37 of 2nd period - Stopped by Tyler Weiman without a rebound.
10:38 of 2nd period - Gilbert Brule wins face-off versus Ben Smith in Kings zone.
10:49 of 2nd period - Wrist shot by Gilbert Brule.
10:49 of 2nd period - Stopped by John Gibson with a rebound.
10:51 of 2nd period - Snap shot by Eric Nystrom.
10:51 of 2nd period - Shot Blocked by Ben Smith.
10:53 of 2nd period - Slapshot by Joni Pitkanen.
10:53 of 2nd period - Shot Misses the Net.
10:55 of 2nd period - Snap shot by Joni Pitkanen.
10:55 of 2nd period - Shot Blocked by Braydon Coburn.
12:02 of 2nd period - Jordan Staal is hit by Jake McCabe and loses puck.
12:16 of 2nd period - Icing by Beau Bennett.
12:17 of 2nd period - Nathan MacKinnon wins face-off versus Jordan Staal in Maple Leafs zone.
12:30 of 2nd period - Wrist shot by Nathan MacKinnon.
12:30 of 2nd period - Shot Blocked by Braydon Coburn.
12:32 of 2nd period - Snap shot by Jeff Skinner.
12:32 of 2nd period - Goal by Jeff Skinner - Kings : 3 - Maple Leafs : 1.
12:33 of 2nd period - Ben Smith wins face-off versus Gilbert Brule in neutral zone.
12:42 of 2nd period - Snap shot by Kyle Clifford.
12:42 of 2nd period - Stopped by Tyler Weiman with a rebound.
13:10 of 2nd period - Wrist shot by Jeff Skinner.
13:10 of 2nd period - Shot Blocked by Ryan Parent.
13:12 of 2nd period - Slapshot by Jake McCabe.
13:12 of 2nd period - Shot Blocked by Kyle Clifford.
13:28 of 2nd period - Wrist shot by Sam Gagner.
13:28 of 2nd period - Stopped by John Gibson without a rebound.
13:29 of 2nd period - Jordan Staal wins face-off versus Gilbert Brule in Maple Leafs zone.
13:29 of 2nd period - Jordan Staal is hit by Gilbert Brule.
13:57 of 2nd period - Snap shot by David Pastrnak.
13:57 of 2nd period - Stopped by John Gibson without a rebound.
13:58 of 2nd period - Nathan MacKinnon wins face-off versus Mika Zibanejad in Maple Leafs zone.
14:27 of 2nd period - Snap shot by Gilbert Brule.
14:27 of 2nd period - Shot Misses the Net.
14:53 of 2nd period - Snap shot by Sam Gagner.
14:53 of 2nd period - Stopped by John Gibson without a rebound.
14:54 of 2nd period - Mike Comrie wins face-off versus Mika Zibanejad in Maple Leafs zone.
15:19 of 2nd period - Slapshot by Patrick Kane.
15:19 of 2nd period - Stopped by Tyler Weiman without a rebound.
15:20 of 2nd period - Gilbert Brule wins face-off versus Brayden Schenn in Kings zone.
15:35 of 2nd period - Slapshot by Ryan Parent.
15:35 of 2nd period - Stopped by Tyler Weiman without a rebound.
15:36 of 2nd period - Mika Zibanejad wins face-off versus Anze Kopitar in Kings zone.
15:41 of 2nd period - Snap shot by Ben Smith.
15:41 of 2nd period - Stopped by Tyler Weiman with a rebound.
15:47 of 2nd period - Kevin Shattenkirk is hit by Bobby Ryan and loses puck.
16:04 of 2nd period - Snap shot by Joni Pitkanen.
16:04 of 2nd period - Shot Blocked by Kevin Shattenkirk.
16:06 of 2nd period - Wrist shot by Sam Gagner.
16:06 of 2nd period - Shot Blocked by Ben Smith.
16:26 of 2nd period - John Klingberg is hit by Joni Pitkanen and loses puck.
17:31 of 2nd period - Icing by Chris Kelly.
17:32 of 2nd period - Mike Comrie wins face-off versus Chris Kelly in Maple Leafs zone.
17:59 of 2nd period - Wrist shot by Anze Kopitar.
17:59 of 2nd period - Shot Blocked by Braydon Coburn.
18:01 of 2nd period - Slapshot by Colton Parayko.
18:01 of 2nd period - Shot Blocked by Jake Guentzel.
18:03 of 2nd period - Slapshot by Gabriel Landeskog.
18:03 of 2nd period - Shot Blocked by Braydon Coburn.
18:05 of 2nd period - Slapshot by Colton Parayko.
18:05 of 2nd period - Stopped by John Gibson without a rebound.
18:06 of 2nd period - Anze Kopitar wins face-off versus Jordan Staal in Maple Leafs zone.
18:07 of 2nd period - Wrist shot by Bobby Ryan.
18:07 of 2nd period - Stopped by John Gibson with a rebound.
19:20 of 2nd period - Slapshot by Gabriel Landeskog.
19:20 of 2nd period - Shot Misses the Net.
19:32 of 2nd period - Snap shot by Gabriel Landeskog.
19:32 of 2nd period - Shot Misses the Net.
19:34 of 2nd period - Snap shot by Bobby Ryan.
19:34 of 2nd period - Shot Misses the Net.
19:36 of 2nd period - Backhand shot by Jeff Schultz.
19:36 of 2nd period - Deflect By Gabriel Landeskog.
19:36 of 2nd period - Deflect By Ryan Parent.
19:36 of 2nd period - Shot Misses the Net.
19:36 of 2nd period - Puck is out of play.
19:37 of 2nd period - Mika Zibanejad wins face-off versus Gilbert Brule in Maple Leafs zone.
19:37 of 2nd period - Mika Zibanejad is hit by Eric Nystrom.
19:45 of 2nd period - Wrist shot by Kyle Clifford.
19:45 of 2nd period - Stopped by Tyler Weiman without a rebound.
19:46 of 2nd period - Mika Zibanejad wins face-off versus Gilbert Brule in Kings zone.
Goals for this period are 3 for Kings vs 1 for Maple Leafs.
Shots for this period are 13 for Kings vs 11 for Maple Leafs.

3rd period


0:01 of 3rd period - Brandon Yip wins face-off versus Mika Zibanejad in neutral zone.
0:19 of 3rd period - Minor Penalty to Braydon Coburn for Hooking.
0:20 of 3rd period - Anze Kopitar wins face-off versus Brayden Schenn in Maple Leafs zone.
0:31 of 3rd period - Wrist shot by Bobby Ryan.
0:31 of 3rd period - Stopped by John Gibson without a rebound.
0:32 of 3rd period - Anze Kopitar wins face-off versus Brayden Schenn in Maple Leafs zone.
1:58 of 3rd period - Slapshot by Jordan Staal.
1:58 of 3rd period - Stopped by Tyler Weiman with a rebound.
2:10 of 3rd period - Joni Pitkanen is hit by Dany Heatley and loses puck.
2:19 of 3rd period - Penalty to Braydon Coburn is over, Braydon Coburn is back on ice.
2:47 of 3rd period - Dany Heatley is hit by Joni Pitkanen and loses puck.
2:53 of 3rd period - Minor Penalty to Dany Heatley for Tripping.
2:54 of 3rd period - Anze Kopitar wins face-off versus Brayden Schenn in Maple Leafs zone.
4:05 of 3rd period - Wrist shot by Andre Burakovsky.
4:05 of 3rd period - Shot Blocked by Gilbert Brule.
4:35 of 3rd period - Brayden Schenn is hit by Gilbert Brule and loses puck.
4:47 of 3rd period - Icing by Bobby Ryan.
4:48 of 3rd period - Ben Smith wins face-off versus Anze Kopitar in Kings zone.
4:49 of 3rd period - Snap shot by Andre Burakovsky.
4:49 of 3rd period - Shot Misses the Net.
4:53 of 3rd period - Penalty to Dany Heatley is over, Dany Heatley is back on ice.
6:12 of 3rd period - Backhand shot by Beau Bennett.
6:12 of 3rd period - Shot Blocked by Victor Hedman.
6:14 of 3rd period - Snap shot by Jordan Staal.
6:14 of 3rd period - Shot Blocked by Ryan Strome.
7:27 of 3rd period - Off-side.
7:28 of 3rd period - Gilbert Brule wins face-off versus Jordan Staal in neutral zone.
7:33 of 3rd period - Snap shot by Brandon Yip.
7:33 of 3rd period - Shot Misses the Net.
7:45 of 3rd period - Snap shot by Ryan Parent.
7:45 of 3rd period - Shot Blocked by Colton Parayko.
7:55 of 3rd period - Slapshot by Andre Burakovsky.
7:55 of 3rd period - Goal by Andre Burakovsky - Kings : 3 - Maple Leafs : 2.
7:56 of 3rd period - Jake Guentzel wins face-off versus Bobby Ryan in neutral zone.
8:35 of 3rd period - Snap shot by Mika Zibanejad.
8:35 of 3rd period - Shot Misses the Net.
8:53 of 3rd period - Wrist shot by Jordan Staal.
8:53 of 3rd period - Shot Blocked by Joni Pitkanen.
9:04 of 3rd period - Off-side.
9:05 of 3rd period - Brayden Schenn wins face-off versus Nathan MacKinnon in neutral zone.
9:19 of 3rd period - Off-side.
9:20 of 3rd period - Mika Zibanejad wins face-off versus Anze Kopitar in neutral zone.
9:24 of 3rd period - Snap shot by Mika Zibanejad.
9:24 of 3rd period - Stopped by Tyler Weiman with a rebound.
9:30 of 3rd period - Wrist shot by Kyle Clifford.
9:30 of 3rd period - Goal by Kyle Clifford - Kings : 3 - Maple Leafs : 3.
9:31 of 3rd period - Anze Kopitar wins face-off versus Mika Zibanejad in neutral zone.
10:07 of 3rd period - Jake Guentzel is hit by Gilbert Brule and loses puck.
10:26 of 3rd period - Snap shot by Sam Gagner.
10:26 of 3rd period - Stopped by John Gibson with a rebound.
10:28 of 3rd period - Snap shot by Sam Gagner.
10:28 of 3rd period - Stopped by John Gibson with a rebound.
10:38 of 3rd period - Slapshot by Braydon Coburn.
10:38 of 3rd period - Stopped by Tyler Weiman without a rebound.
10:39 of 3rd period - Mika Zibanejad wins face-off versus Nathan MacKinnon in Kings zone.
11:06 of 3rd period - Gabriel Landeskog is hit by Brayden Schenn and loses puck.
11:25 of 3rd period - Slapshot by Hampus Lindholm.
11:25 of 3rd period - Stopped by Tyler Weiman with a rebound.
11:27 of 3rd period - Wrist shot by Jordan Staal.
11:27 of 3rd period - Stopped by Tyler Weiman with a rebound.
11:29 of 3rd period - Wrist shot by Andre Burakovsky.
11:29 of 3rd period - Shot Misses the Net.
11:31 of 3rd period - Wrist shot by Andre Burakovsky.
11:31 of 3rd period - Deflect By Beau Bennett.
11:31 of 3rd period - Shot Misses the Net.
11:31 of 3rd period - Puck is out of play.
11:32 of 3rd period - Mika Zibanejad wins face-off versus Gilbert Brule in Kings zone.
11:41 of 3rd period - Snap shot by Gilbert Brule.
11:41 of 3rd period - Deflect By Eric Nystrom.
11:41 of 3rd period - Stopped by John Gibson with a rebound.
11:43 of 3rd period - Snap shot by Gilbert Brule.
11:43 of 3rd period - Stopped by John Gibson without a rebound.
11:44 of 3rd period - Bobby Ryan wins face-off versus Brayden Schenn in Maple Leafs zone.
12:30 of 3rd period - Minor Penalty to Jordan Staal for Hooking.
12:31 of 3rd period - Anze Kopitar wins face-off versus Brayden Schenn in Maple Leafs zone.
12:48 of 3rd period - Off-side.
12:49 of 3rd period - Gilbert Brule wins face-off versus Kyle Clifford in neutral zone.
12:52 of 3rd period - Slapshot by Colton Parayko.
12:52 of 3rd period - Shot Hit the Post.
13:02 of 3rd period - Kyle Clifford is hit by Colton Parayko and loses puck.
13:58 of 3rd period - Icing by Joni Pitkanen.
13:59 of 3rd period - Brayden Schenn wins face-off versus Gilbert Brule in Kings zone.
14:14 of 3rd period - Snap shot by Gilbert Brule.
14:14 of 3rd period - Shot Hit the Post.
14:16 of 3rd period - Slapshot by Torey Krug.
14:16 of 3rd period - Shot Blocked by Ryan Parent.
14:18 of 3rd period - Wrist shot by Gabriel Landeskog.
14:18 of 3rd period - Shot Blocked by Braydon Coburn.
14:30 of 3rd period - Penalty to Jordan Staal is over, Jordan Staal is back on ice.
14:45 of 3rd period - Beau Bennett is hit by Jeff Schultz and loses puck.
15:02 of 3rd period - Slapshot by Hampus Lindholm.
15:02 of 3rd period - Shot Misses the Net.
15:04 of 3rd period - Slapshot by Hampus Lindholm.
15:04 of 3rd period - Stopped by Tyler Weiman with a rebound.
15:08 of 3rd period - Snap shot by Chris Kelly.
15:08 of 3rd period - Shot Misses the Net.
15:10 of 3rd period - Slapshot by Hampus Lindholm.
15:10 of 3rd period - Stopped by Tyler Weiman with a rebound.
15:12 of 3rd period - Snap shot by Dany Heatley.
15:12 of 3rd period - Stopped by Tyler Weiman with a rebound.
15:54 of 3rd period - Minor Penalty to Eric Nystrom for Charging.
15:55 of 3rd period - Anze Kopitar wins face-off versus Brayden Schenn in Kings zone.
16:21 of 3rd period - Gabriel Landeskog is hit by Ben Smith and loses puck.
16:26 of 3rd period - Snap shot by Ben Smith.
16:26 of 3rd period - Shot Misses the Net.
17:32 of 3rd period - Gabriel Landeskog is hit by Kyle Clifford and loses puck.
17:54 of 3rd period - Penalty to Eric Nystrom is over, Eric Nystrom is back on ice.
17:55 of 3rd period - Eric Nystrom is hit by Blake Comeau and loses puck.
18:11 of 3rd period - Wrist shot by Gilbert Brule.
18:11 of 3rd period - Shot Misses the Net.
18:13 of 3rd period - Slapshot by Victor Hedman.
18:13 of 3rd period - Shot Blocked by Kevin Shattenkirk.
18:27 of 3rd period - Snap shot by Bobby Ryan.
18:27 of 3rd period - Stopped by John Gibson with a rebound.
18:29 of 3rd period - Backhand shot by Gilbert Brule.
18:29 of 3rd period - Shot Blocked by John Klingberg.
18:41 of 3rd period - Snap shot by Eric Nystrom.
18:41 of 3rd period - Shot Blocked by Andre Burakovsky.
18:43 of 3rd period - Snap shot by Victor Hedman.
18:43 of 3rd period - Stopped by John Gibson without a rebound.
18:44 of 3rd period - Mika Zibanejad wins face-off versus Mike Comrie in Maple Leafs zone.
19:14 of 3rd period - Wrist shot by Brayden Schenn.
19:14 of 3rd period - Shot Blocked by Jeff Skinner.
19:16 of 3rd period - Wrist shot by Brayden Schenn.
19:16 of 3rd period - Stopped by Tyler Weiman with a rebound.
19:18 of 3rd period - Slapshot by Braydon Coburn.
19:18 of 3rd period - Shot Blocked by Jeff Schultz.
Goals for this period are 0 for Kings vs 2 for Maple Leafs.
Shots for this period are 7 for Kings vs 11 for Maple Leafs.

Overtime #1


0:01 of 1st overtime period - Anze Kopitar wins face-off versus Jordan Staal in neutral zone.
0:35 of 1st overtime period - Icing by Colton Parayko.
0:36 of 1st overtime period - Jordan Staal wins face-off versus Anze Kopitar in Kings zone.
1:05 of 1st overtime period - Wrist shot by Bobby Ryan.
1:05 of 1st overtime period - Stopped by John Gibson without a rebound.
1:06 of 1st overtime period - Jordan Staal wins face-off versus Anze Kopitar in Maple Leafs zone.
1:41 of 1st overtime period - Slapshot by Kevin Shattenkirk.
1:41 of 1st overtime period - Deflect By Colton Parayko.
1:41 of 1st overtime period - Stopped by Tyler Weiman with a rebound.
1:46 of 1st overtime period - Off-side.
1:47 of 1st overtime period - Jordan Staal wins face-off versus Anze Kopitar in neutral zone.
2:33 of 1st overtime period - Off-side.
2:34 of 1st overtime period - Gilbert Brule wins face-off versus Jordan Staal in neutral zone.
2:53 of 1st overtime period - Kyle Clifford is hit by Joni Pitkanen and loses puck.
4:17 of 1st overtime period - Icing by Torey Krug.
4:18 of 1st overtime period - Anze Kopitar wins face-off versus Jordan Staal in Kings zone.
Goals for this period are 0 for Kings vs 0 for Maple Leafs.
Shots for this period are 1 for Kings vs 1 for Maple Leafs.

ShootOut


5:00 of 1st overtime period - Round #1.
5:00 of 1st overtime period - Kings, Anze Kopitar.
5:00 of 1st overtime period - Snap shot by Anze Kopitar.
5:00 of 1st overtime period - Stopped by John Gibson.
5:00 of 1st overtime period - Maple Leafs, Patrick Kane.
5:00 of 1st overtime period - Wrist shot by Patrick Kane.
5:00 of 1st overtime period - Stopped by Tyler Weiman.
5:00 of 1st overtime period - Round #2.
5:00 of 1st overtime period - Kings, Gabriel Landeskog.
5:00 of 1st overtime period - Snap shot by Gabriel Landeskog.
5:00 of 1st overtime period - Goal by Gabriel Landeskog.
5:00 of 1st overtime period - Maple Leafs, Andre Burakovsky.
5:00 of 1st overtime period - Backhand shot by Andre Burakovsky.
5:00 of 1st overtime period - Goal by Andre Burakovsky.
5:00 of 1st overtime period - Round #3.
5:00 of 1st overtime period - Kings, Gilbert Brule.
5:00 of 1st overtime period - Backhand shot by Gilbert Brule.
5:00 of 1st overtime period - Stopped by John Gibson.
5:00 of 1st overtime period - Maple Leafs, Brayden Schenn.
5:00 of 1st overtime period - Wrist shot by Brayden Schenn.
5:00 of 1st overtime period - Goal by Brayden Schenn.